AoeStats
← GordoFactura

African Clearing

505088620Analyzed
2v2 RM · 26d ago on Sep 7, 2026· 21m 42s· 4 players
Game mode
Random Map
Map size
Medium (4 player)
Population
200
Speed
Normal
Resources
Standard
Victory
Conquest
Starting age
Dark Age
Ending age
Imperial Age
RankedLock teamsTeams togetherTeam positionsShared explorationLock speedFull tech treeHidden civsTurbo modeCheats
Victory
Defeat
🇦🇷 Spanish · Argentina
1123
+13
🇦🇷 Maya · Argentina
1048
+16
🇵🇪 Mongols · Peru
1141
-18
🇵🇪 Persians · Peru
959
-11
GordoFactura
12:15 Feudal Age
12:57 Loom
13:14 Double-Bit Axe
16:42 Bloodlines
16:57 Town Watch
24:03 Castle Age
PalermoFanBoy
12:51 Feudal Age
12:43 Loom
14:18 Wheelbarrow
14:42 Gold Mining
16:01 Arson
16:46 Town Watch
20:19 Double-Bit Axe
21:49 Forging
SURTIME
3:31 Loom
12:57 Feudal Age
16:39 Bloodlines
17:28 Double-Bit Axe
21:45 Forging
23:39 Castle Age
ang54321012345
8:46 Loom
18:57 Feudal Age
Connection lost

Rejoining the realm…

Still unreachable

The connection could not be restored.

Session expired

The server has moved on; the page needs a fresh start.